AoeStats
← BSHammer

Arena

507625316Analyzed
3v3 RM · 14d ago on Sep 19, 2026· 54m 49s· 6 players
Game mode
Random Map
Map size
Normal (6 player)
Population
200
Speed
Normal
Resources
Standard
Victory
Conquest
Starting age
Dark Age
Ending age
Imperial Age
RankedLock teamsTeams togetherTeam positionsShared explorationLock speedFull tech treeHidden civsTurbo modeCheats
Victory
Defeat
🇺🇸 Burgundians · United States
1609
+12
🇺🇸 Armenians · United States
1585
+13
🇺🇸 Celts · United States
1514
+15
🇺🇸 Burmese · United States
1565
-16
🇺🇸 Mapuche · United States
1534
-14
🇺🇸 Persians · United States
1425
-10
Faramir
11:37 Feudal Age
12:51 Double-Bit Axe
15:29 Castle Age
14:39 Horse Collar
16:31 Bow Saw
22:21 Wheelbarrow
23:55 Hand Cart
23:38 Gold Mining
26:01 Scale Barding Armor
26:10 Bloodlines
29:31 Imperial Age
27:28 Chain Barding Armor
28:36 Forging
29:09 Cavalier
30:26 Plate Barding Armor
30:27 Iron Casting
30:33 Savar
33:03 Chemistry
42:42 Onager
46:18 Pikeman
47:00 Scale Mail Armor
48:01 Blast Furnace
46:58 Halberdier
50:58 Loom
52:45 Capped Ram
Simbelmynë
11:12 Feudal Age
15:20 Castle Age
14:04 Double-Bit Axe
14:05 Horse Collar
16:28 Bow Saw
16:17 Loom
17:52 Fletching
24:13 Padded Archer Armor
25:23 Bodkin Arrow
27:02 Heavy Plow
27:51 Leather Archer Armor
28:49 Wheelbarrow
28:33 Gold Mining
28:35 Stone Mining
29:12 Ballistics
30:16 Hand Cart
33:46 Imperial Age
31:13 Elite Skirmisher
34:27 Malon
35:11 Ring Archer Armor
34:06 Elite Bolas Rider
36:07 Chemistry
35:53 Capped Ram
37:23 Siege Engineers
38:10 Butalmapu
37:59 Pikeman
38:43 Scale Mail Armor
40:06 Conscription
39:55 Town Watch
40:27 Chain Mail Armor
40:01 Arson
41:52 Forging
43:11 Elite Kona
45:39 Masonry
46:03 Plate Mail Armor
49:10 Hoardings
Gil-galad
11:24 Feudal Age
11:14 Loom
14:59 Castle Age
13:13 Horse Collar
15:06 Light Cavalry
17:57 Heavy Plow
23:34 Wheelbarrow
25:48 Hand Cart
25:37 Gold Mining
26:16 Scale Barding Armor
26:54 Forging
27:21 Man-at-Arms
27:47 Gambesons
28:02 Squires
31:06 Imperial Age
29:35 Gold Shaft Mining
29:33 Scale Mail Armor
30:08 Iron Casting
30:42 Chain Mail Armor
29:50 Long Swordsman
30:16 Arson
29:52 Pikeman
31:27 Chain Barding Armor
31:12 Two-Handed Swordsman
33:01 Chemistry
32:03 Champion
33:29 Plate Mail Armor
51:50 Town Watch
Lucas Ducas
9:59 Feudal Age
13:43 Castle Age
12:02 Double-Bit Axe
12:12 Horse Collar
14:52 Bow Saw
15:51 Town Watch
15:55 Loom
18:48 Stone Mining
21:34 Gold Mining
23:49 Wheelbarrow
23:53 Gold Shaft Mining
23:22 Heavy Plow
25:14 Hand Cart
28:51 Imperial Age
26:16 Fletching
26:47 Town Patrol
27:59 Bodkin Arrow
28:39 Squires
28:28 Man-at-Arms
28:59 Gambesons
29:16 Scale Mail Armor
29:56 Conscription
29:43 Fereters
29:55 Masonry
30:01 Forging
30:12 Chain Mail Armor
30:14 Forging
29:36 Long Swordsman
30:25 Two-Handed Swordsman
30:30 Two-Handed Swordsman
31:41 Champion
33:07 Arson
36:00 Ballistics
36:55 Plate Mail Armor
37:10 Iron Casting
37:15 Bracer
39:46 Blast Furnace
39:48 Chemistry
39:54 Padded Archer Armor
41:11 Guilds
41:31 Leather Archer Armor
40:48 Pikeman
42:17 Coinage
42:02 Halberdier
44:18 Banking
43:25 Elite Composite Bowman
45:44 Ring Archer Armor
47:00 Fortified Wall
46:46 Murder Holes
51:31 Hoardings
50:27 Sappers
53:08 Caravan
BSHammer
10:48 Feudal Age
14:47 Castle Age
12:32 Horse Collar
14:49 Double-Bit Axe
15:47 Bow Saw
19:57 Wheelbarrow
21:05 Heavy Plow
21:50 Loom
22:27 Hand Cart
26:04 Forging
25:55 Scale Mail Armor
25:54 Pikeman
30:13 Imperial Age
29:17 Iron Casting
28:57 Chain Mail Armor
30:11 Chain Mail Armor
30:03 Stronghold
30:16 Capped Ram
30:27 Halberdier
31:28 Gold Mining
31:28 Stone Mining
31:29 Gold Mining
31:43 Siege Ram
34:40 Blast Furnace
34:10 Plate Mail Armor
34:10 Conscription
39:52 Scale Barding Armor
39:48 Cavalier
40:29 Husbandry
41:41 Chain Barding Armor
41:23 Paladin
46:04 Coinage
47:35 Banking
47:17 Caravan
49:19 Elite Woad Raider
50:41 Furor Celtica
50:51 Arson
50:51 Gambesons
koriko9397
5:31 Double-Bit Axe
11:00 Feudal Age
14:56 Castle Age
13:37 Bow Saw
13:50 Horse Collar
14:33 Heavy Plow
21:02 Wheelbarrow
21:54 Loom
24:21 Hand Cart
33:11 Imperial Age
30:59 Cavalier
31:39 Husbandry
31:29 Town Watch
32:33 Scale Barding Armor
34:13 Chain Barding Armor
34:08 Forging
35:25 Padded Archer Armor
35:16 Fletching
35:21 Elite Skirmisher
36:31 Conscription
36:45 Ballistics
37:26 Chemistry
36:36 Bodkin Arrow
37:22 Leather Archer Armor
37:18 Bracer
40:27 Burgundian Vineyards
40:25 Light Cavalry
43:01 Hussar
45:21 Plate Barding Armor
Connection lost

Rejoining the realm…

Still unreachable

The connection could not be restored.

Session expired

The server has moved on; the page needs a fresh start.